 Dungeon Crawl Stone Soup version 0.20-a0-638-gd210ae2 (webtiles) character file.

5143 Kiturien the Cleaver (level 10, -7/88 HPs)
             Began as a Hill Orc Fighter on Feb 12, 2017.
             Was a Follower of Qazlal.
             Killed from afar by a fire dragon (10 damage)
             ... with a blast of flame
             ... on level 8 of the Dungeon.
             The game lasted 00:22:13 (8217 turns).

Kiturien the Cleaver (Hill Orc Fighter)             Turns: 8217, Time: 00:22:13

Health: -7/88      AC: 17    Str: 23    XL:     10   Next: 58%
Magic:  10/10      EV:  8    Int:  8    God:    Qazlal [*.....]
Gold:   366        SH: 13    Dex: 10    Spells: 9/9 levels left

rFire    + . .     SeeInvis .   a - +0 war axe
rCold    . . .     Gourm    .   B - +2 chain mail {rC+}
rNeg     . . .     Faith    .   c - +0 shield
rPois    .         Spirit   .   D - +2 hat
rElec    .         Reflect  .   k - +0 cloak
rCorr    +         Harm     .   v - +0 pair of gloves
MR       .....                  (no boots)
Stlth    ..........             (no amulet)
Regen    0.3/turn               C - ring of resist corrosion
                                h - ring of fire

@: barbed spikes
A: no striking features
a: Renounce Religion


You were on level 8 of the Dungeon.
You worshipped Qazlal.
Qazlal was aware of your devotion.
You were very hungry.

You visited 2 branches of the dungeon, and saw 9 of its levels.

You collected 366 gold pieces.

Inventory:

Hand Weapons
 a - a +0 war axe (weapon)
 r - a +0 hand axe of venom
Missiles
 t - 5 throwing nets (quivered)
Armour
 c - a +0 shield (worn)
 k - a +0 cloak (worn)
 v - a +0 pair of gloves (worn)
 B - a +2 chain mail of cold resistance (worn)
 D - a +2 hat (worn)
Jewellery
 h - a ring of fire (left hand)
 C - a ring of resist corrosion (right hand)
Wands
 b - a wand of polymorph (4/24)
 F - a wand of random effects (12/48)
Scrolls
 e - a scroll of remove curse
 m - a scroll of immolation {unknown}
 n - 2 scrolls of amnesia {unknown}
 q - a scroll of magic mapping
 u - a scroll of silence {unknown}
 w - 2 scrolls of teleportation
 y - a scroll of enchant armour {unknown}
 E - a scroll of fog {unknown}
 G - a scroll of blinking {unknown}
Potions
 d - 2 potions of might
 j - 3 potions of mutation {unknown}
 l - a potion of brilliance {unknown}
 o - 3 potions of lignification
 p - 4 potions of agility {unknown}
 s - 5 potions of heal wounds
 x - 3 potions of curing {unknown}
 z - a potion of cancellation
 A - a potion of experience {unknown}
 H - a potion of ambrosia {unknown}
 J - a potion of berserk rage {unknown}
Books
 I - a book of Geomancy

   Spells                             Type                      Level
   a - Sandblast                      Earth                        1
   b - Passwall                       Transmutation/Earth          2
   c - Stone Arrow                    Conjuration/Earth            3
   d - Petrify                        Transmutation/Earth          4
   e - Lee's Rapid Deconstruction     Earth                        5
Comestibles
 f - 3 bread rations
 g - 5 royal jellies
 i - a meat ration


   Skills:
 + Level 7.8 Fighting
 + Level 12.3 Axes
 + Level 8.2 Armour
 + Level 2.8 Dodging
 + Level 8.6 Shields


You had 9 spell levels left.
You didn't know any spells.

Dungeon Overview and Level Annotations

Branches:
Dungeon (8/15)             Temple (1/1) D:6
   Lair: D:8-11

Altars:
Ashenzari
Cheibriados
Dithmenos
Elyvilon
Fedhas
Gozag
Hepliaklqana
Kikubaaqudgha
Nemelex Xobeh
Okawaru
Qazlal
Ru
Sif Muna
Trog
Uskayaw
Vehumet
Xom
Yredelemnul
Zin
The Shining One

Shops:
D:4 (([   D:6 :(


Message History

The fire dragon is moderately wounded.
The fire dragon breathes flames at you. The blast of flame hits you!
You resist.
* * * LOW HITPOINT WARNING * * *
You slash the fire dragon!
The fire dragon is heavily wounded.
The fire dragon barely misses you. You block the fire dragon's attack.
The fire dragon tramples you!
* * * LOW HITPOINT WARNING * * *
You hold your ground!
You slash the fire dragon!
The fire dragon is severely wounded.
You block the fire dragon's attack.
The fire dragon claws you but does no damage.
The fire dragon tramples you but does no damage.
You hit the fire dragon.
The fire dragon is severely wounded.
The fire dragon breathes flames at you. The blast of flame hits you!
You resist.
You die...

#+#+ #...# #.#
##... 8.8 . #....
#.# .. ##... #.#
... #.... ##.##
.... ##... #8.8
..... #....
#.##o..... ##...
#@Doho..⌠. #....
##.##Jh.... ##...
#8.8# ..... #....
##.## .... ##...
#.# ... #....
##.## .. ##..#
#8.8# . #....
##.## ##...
#.###+#+#+#+##....


You could see a fire dragon, 2 orc warriors, 2 hounds, a jelly and an orc.

Vanquished Creatures
  2 two-headed ogres
  Pikel (D:4)
  A manticore (D:8)
  Grinder (D:5)
  Prince Ribbit (D:7)
  The ghost of Oki the Insei, an amateur OpFi of Cheibriados (D:4)
  Sigmund (D:3)
  Eustachio (D:4)
  Edmund (D:4)
  A water moccasin (D:6)
  2 orc warriors
  A black bear (D:8)
  2 ogres (D:4)
  A phantom (D:4)
  2 centaurs
  A big kobold (D:6)
  A bullfrog (D:8)
  Blork the orc (D:5)
  A scorpion (D:6)
  4 wights (D:6)
  2 crimson imps
  A centaur zombie (D:7)
  3 hounds
  2 jellies
  3 orc priests
  A bullfrog skeleton (D:6)
  An orc wizard (D:4)
  An iguana (D:5)
  Natasha (thrice) (D:2)
  10 gnolls
  A howler monkey skeleton (D:5)
  18 adders
  3 oozes
  An adder skeleton (D:5)
  3 worms
  4 dart slugs
  7 leopard geckos
  20 orcs
  8 giant cockroaches
  4 goblins
  11 hobgoblins
  7 jackals
  26 kobolds
  4 quokkas
  7 ball pythons
  A ball python skeleton (D:4)
  9 bats
  4 frilled lizards
  A jackal zombie (D:6)
  A quokka skeleton (D:5)
  5 rats
199 creatures vanquished.

Vanquished Creatures (others)
  2 slaves (D:4)
  2 orc priests (D:4)
  An adder (D:4)
  An orc (D:4)
  A giant cockroach (D:4)
  A plant (D:7)
  4 toadstools (D:1)
12 creatures vanquished.

Grand Total: 211 creatures vanquished

Notes
Turn   | Place    | Note
-------+----------+-------------------------------------------
     0 | D:1      | Kiturien the Hill Orc Fighter began the quest for the Orb.
     0 | D:1      | Reached XP level 1. HP: 19/19 MP: 1/1
   133 | D:1      | Reached skill level 3 in Axes
   133 | D:1      | Reached XP level 2. HP: 27/27 MP: 2/2
   550 | D:1      | Reached XP level 3. HP: 32/33 MP: 3/3
  1268 | D:2      | Noticed Natasha
  1280 | D:2      | Killed Natasha
  1280 | D:2      | Reached XP level 4. HP: 29/40 MP: 4/4
  1395 | D:2      | Found a glowing golden altar of the Shining One.
  1485 | D:2      | Reached skill level 4 in Axes
  1515 | D:2      | Noticed Natasha
  1528 | D:2      | Killed Natasha
  1555 | D:2      | Reached XP level 5. HP: 27/46 MP: 5/5
  1834 | D:2      | Noticed Natasha
  1841 | D:2      | Killed Natasha
  2116 | D:2      | Reached skill level 5 in Axes
  2373 | D:3      | Noticed Sigmund
  2394 | D:3      | Killed Sigmund
  2394 | D:3      | Reached skill level 6 in Axes
  2394 | D:3      | Reached XP level 6. HP: 28/55 MP: 6/6
  2460 | D:3      | Found a shadowy altar of Dithmenos.
  2462 | D:3      | Found a glowing silver altar of Zin.
  2589 | D:3      | Reached skill level 5 in Fighting
  2591 | D:3      | Reached skill level 1 in Dodging
  2749 | D:3      | Found a deep blue altar of Sif Muna.
  3057 | D:3      | Reached XP level 7. HP: 50/61 MP: 7/7
  3685 | D:4      | Noticed Pikel
  3706 | D:4      | Killed Pikel
  3706 | D:4      | Reached skill level 7 in Axes
  3706 | D:4      | Reached skill level 5 in Armour
  3706 | D:4      | Reached skill level 5 in Shields
  3706 | D:4      | Reached XP level 8. HP: 47/69 MP: 8/8
  3708 | D:4      | Found Hieheptu's Weapon Boutique.
  3848 | D:4      | Found Neniumoss's Weapon Shoppe.
  3888 | D:4      | Noticed Eustachio
  3893 | D:4      | Noticed a two-headed ogre
  3909 | D:4      | Killed a two-headed ogre
  3909 | D:4      | Reached skill level 9 in Axes
  3909 | D:4      | Reached XP level 9. HP: 44/75 MP: 9/9
  4170 | D:4      | Killed Eustachio
  4324 | D:4      | Noticed Oki's ghost (amateur OpFi)
  4343 | D:4      | Killed Oki's ghost
  4343 | D:4      | Reached skill level 10 in Axes
  4553 | D:4      | Noticed Edmund
  5113 | D:4      | Killed Edmund
  5162 | D:4      | Found Zaewosul's Armour Boutique.
  5320 | D:5      | Entered Level 5 of the Dungeon
  5523 | D:5      | Noticed Grinder
  5531 | D:5      | Killed Grinder
  5559 | D:5      | Found a sparkling altar of Nemelex Xobeh.
  5602 | D:5      | Noticed Blork the orc
  5613 | D:5      | Killed Blork the orc
  6062 | D:6      | Reached skill level 11 in Axes
  6063 | D:6      | Found Ibry's Weapon Shoppe.
  6087 | D:6      | Found Quotauma's Book Shoppe.
  6244 | D:6      | Found a staircase to the Ecumenical Temple.
  6325 | D:6      | Reached XP level 10. HP: 71/86 MP: 10/10
  6637 | D:7      | Noticed Prince Ribbit
  6922 | Temple   | Entered the Ecumenical Temple
  6930 | Temple   | Became a worshipper of Qazlal Stormbringer
  7034 | D:7      | Killed Prince Ribbit
  7875 | D:8      | Noticed a two-headed ogre
  7885 | D:8      | Killed a two-headed ogre
  7885 | D:8      | Reached skill level 12 in Axes
  8036 | D:8      | Reached * piety under Qazlal
  8178 | D:8      | Noticed a manticore
  8184 | D:8      | Noticed a fire dragon
  8194 | D:8      | Killed a manticore
  8215 | D:8      | HP: 3/88 [fire dragon (7)]
  8217 | D:8      | Killed from afar by a fire dragon

Vault maps used:
D:1:      ldierk_walled_garden_2, minmay_misc_feat_tower
D:2:      tso_altar, uniq_natasha
D:3:      minitemple, first_bread, hangedman_abyss_or_decor_stabs, tgw_sif,
          uniq_sigmund
D:4:      serial_shops, shop, shop, nicolae_shop_stone, minmay_snake_closets,
          uniq_pikel, uniq_edmund, uniq_eustachio
D:5:      nemelex_xobeh_ov_fountains_minmay, uniq_blork_the_orc, uniq_grinder
D:6:      minmay_temple_entry_from_below_a, serial_shops, shop,
          kennysheep_nondescript, minmay_shop_grid_forest, minmay_checkerbox
D:7:      kennysheep_kobold_camp, serial_glass, glass_columns_b,
          glass_columns_b, uniq_prince_ribbit1
D:8:      wad_statue_garden, grunt_ogre_cave
Temple:   eino_wide_crystal_templ

Skill      XL: |  1  2  3  4  5  6  7  8  9 10 |
---------------+-------------------------------+-----
Axes           | 3 4 6 7 9 11 12 | 12.3
Fighting       | 4 5 6 7 |  7.8
Shields        | 4 5 6 7 8 |  8.6
Armour         | 4 5 6 7 8 |  8.2
Dodging        | 1 2 |  2.8

Action                   |  1- 3 |  4- 6 |  7- 9 | 10-12 || total
-------------------------+-------+-------+-------+-------++-------
Melee: War axe           |   108 |   173 |   329 |   241 ||   851
       Unarmed           |       |       |    13 |       ||    13
  Use: Scroll            |     1 |       |     7 |       ||     8
       Potion            |       |       |     1 |       ||     1
  Eat: Chunk             |     1 |     6 |     6 |     6 ||    19
       Bread ration      |       |       |     1 |       ||     1
Armor: Scale mail        |    58 |    93 |    73 |       ||   224
       Chain mail        |       |       |    55 |    80 ||   135
       Skin              |       |       |    11 |       ||    11
Dodge: Dodged            |    32 |    60 |   113 |    55 ||   260
Block: Shield            |    53 |    89 |   188 |   138 ||   468
